 Dungeon Crawl Stone Soup version 0.31.0-11-ge490571c62 (webtiles) character file.

Game seed: 7295903342136358871

541306 bobo the Slayer (level 26, -8/180 HPs)
             Began as a Gargoyle Earth Elementalist on Feb 2, 2024.
             Was the Champion of Vehumet.
             Mangled by a death scarab (15 damage)
             ... summoned by a royal mummy
             ... on level 1 of the Tomb of the Ancients on Feb 10, 2024.
             The game lasted 05:42:17 (57420 turns).

bobo the Slayer (Gargoyle Earth Elementalist)      Turns: 57420, Time: 05:42:18

Health: -8/180     AC: 32    Str: 17    XL:     26   Next: 55%
Magic:  28/48      EV: 17    Int: 21    God:    Vehumet [******]
Gold:   4873       SH:  0    Dex: 18    Spells: 6/68 levels left

rFire   + . .        d - staff of earth
rCold   . . .        c - orb {*channel}
rNeg    + . .        f - +3 troll leather armour
rPois   ∞            g - +2 hat {Will+}
rElec   +            l - scarf {shadows}
rCorr   +            W - +2 pair of gloves {Dex+3}
SInv    +            w - +0 pair of boots
Will    ++++.        F - amulet of magic regeneration
Stlth   ++           S - ring of Vewey {Wiz rF+ Will++}
HPRegen 1.30/turn    q - ring of Meit {Fly rCorr Dex+3 SInv}
MPRegen 0.71/turn

%: wizardry (x1), channel magic (20%)
@: flying, slowed, studying Translocations, very slow
A: sickness immunity, AC +20, big wings, negative energy resistance 1,
electricity resistance, torment resistance 1, petrification resistance
}: 2/15 runes: serpentine, barnacled
a: Renounce Religion


You were on level 1 of the Tomb of the Ancients.
You worshipped Vehumet.
Vehumet was exalted by your worship.
You visited 10 branches of the dungeon, and saw 44 of its levels.
You also visited: Trove, Ossuary, Ice Cave and Wizlab.

You collected 6430 gold pieces.
You spent 1557 gold pieces at shops.

Inventory:

Hand Weapons
 z - the +12 double sword of Beogh's Favour {pain, Will++ rCorr Int+8 Dex-5}
   (You took it off an antique champion in a wizard's laboratory)

   Int+8:     It affects your intelligence (+8).
   Dex-5:     It affects your dexterity (-5).
   Will++:    It greatly increases your willpower.
   rCorr:     It protects you from acid and corrosion.
Armour
 c - an orb of energy (worn)
 f - a +3 troll leather armour (worn)
 g - a +2 hat of willpower (worn)
 l - a scarf of shadows (worn)
 w - a +0 pair of boots (worn)
 W - a +2 pair of gloves of dexterity (worn)
Magical Staves
 d - a staff of earth (weapon)
Jewellery
 q - the ring of Meit (right hand) {Fly rCorr Dex+3 SInv}
   (You found it on level 2 of the Snake Pit)

   [ring of see invisible]

   Dex+3:     It affects your dexterity (+3).
   SInv:      It lets you see invisible.
   Fly:       It grants you flight.
   rCorr:     It protects you from acid and corrosion.
 B - the ring "Vuruh" {Will+ Str+6 Dex+2}
   (You found it on level 3 of the Crypt)

   [ring of strength]

   Str+6:     It affects your strength (+6).
   Dex+2:     It affects your dexterity (+2).
   Will+:     It increases your willpower.
 F - an amulet of magic regeneration (around neck)
 I - the ring "Haxtiche" {rC+ AC+4 Int+2}
   (You found it on level 11 of the Dungeon)

   [ring of protection]

   AC+4:      It affects your AC (+4).
   Int+2:     It affects your intelligence (+2).
   rC+:       It protects you from cold.
 S - the ring of Vewey (left hand) {Wiz rF+ Will++}
   (You found it on level 1 of the Shoals)

   [ring of wizardry]

   Wiz:       It improves your spell success rate.
   rF+:       It protects you from fire.
   Will++:    It greatly increases your willpower.
Wands
 p - a wand of digging (5)
 t - a wand of paralysis (4)
 C - a wand of roots (11)
 G - a wand of flame (44)
 Q - a wand of acid (30)
Scrolls
 a - 2 scrolls of torment
 b - 6 scrolls of blinking
 n - a scroll of silence
 r - 9 scrolls of vulnerability
 u - 3 scrolls of revelation
 y - 3 scrolls of enchant weapon
 A - 10 scrolls of teleportation
 E - 5 scrolls of poison
 L - 11 scrolls of fear
 O - 4 scrolls of fog
 T - 2 scrolls of butterflies
 V - 3 scrolls of brand weapon
Potions
 e - 2 potions of cancellation
 h - 3 potions of invisibility
 i - 6 potions of enlightenment
 j - 11 potions of ambrosia
 m - 9 potions of resistance
 o - a potion of lignification
 s - 23 potions of curing
 v - 3 potions of berserk rage
 x - 12 potions of might
 D - 8 potions of haste
 H - 5 potions of magic
 K - 11 potions of heal wounds
 N - 10 potions of mutation
Miscellaneous
 J - a phantom mirror


   Skills:
 + Level 22.4 Fighting
 + Level 9.9 Dodging
 - Level 2.1 Stealth
 + Level 21.7 Spellcasting
 - Level 15.4 Conjurations
 - Level 7.7 Hexes
 - Level 10.5 Summonings
 - Level 7.4 Necromancy
 - Level 6.0 Translocations
 - Level 7.0 Ice Magic
 - Level 5.1 Air Magic
 - Level 21.1 Earth Magic
 - Level 10.2 Alchemy
 - Level 4.7 Evocations


You had 6 spell levels left.
You knew the following spells:

 Your Spells              Type           Power      Damage    Failure   Level
a - Lehudib's Crystal Sp  Conj/Erth      49%        10d12     2%          8
b - Brom's Barrelling Bo  Conj/Erth      99%        2d11      1%          4
c - Shock                 Conj/Air       100%       1d9       1%          1
d - Borgnjor's Vile Clut  Necr/Erth      45%        N/A       1%          5
e - Sandblast             Erth           100%       2d20      1%          1
f - Freezing Cloud        Conj/Ice/Air   28%        6-21      1%          5
p - Petrify               Alch/Erth      93%        N/A       1%          4
q - Spellforged Servitor  Conj/Summ      33%        N/A       2%          7
s - Shatter               Erth           53%        3d40*     8%          9
w - Passwall              Erth           100%       N/A       1%          3
x - Lee's Rapid Deconstr  Erth           53%        3d25*     1%          5
y - Yara's Violent Unrav  Hex/Alch       28%        3d12      1%          5
z - Stone Arrow           Conj/Erth      100%       3d13      1%          3
Z - Blink                 Tloc           96%        N/A       1%          2

Your spell library contained the following spells:

 Spells                   Type           Power      Damage    Failure   Level
 Fire Storm               Conj/Fire      26%        8d7       100%        9
 Apportation              Tloc           96%        N/A       1%          1
 Foxfire                  Conj/Fire      100%       2x1d9     1%          1
 Freeze                   Ice            100%       1d10      1%          1
 Kiss of Death            Conj/Necr      100%       2d13      1%          1
 Magic Dart               Conj           100%       1d8       1%          1
 Necrotise                Necr           100%       1d9       1%          1
 Slow                     Hex            100%       N/A       1%          1
 Sting                    Conj/Alch      100%       1d9       1%          1
 Summon Small Mammal      Summ           100%       N/A       1%          1
 Call Imp                 Summ           100%       N/A       1%          2
 Lesser Beckoning         Tloc           96%        N/A       1%          2
 Mercury Vapours          Alch/Air       100%       N/A       1%          2
 Scorch                   Fire           44%        2d6       1%          2
 Static Discharge         Conj/Air       100%       3-8/arc   1%          2
 Call Canine Familiar     Summ           61%        N/A       1%          3
 Confusing Touch          Hex            53%        N/A       1%          3
 Dazzling Flash           Conj/Hex       100%       N/A       1%          3
 Frozen Ramparts          Ice            100%       1d16      1%          3
 Fugue of the Fallen      Necr           52%        N/A       1%          3
 Gell's Gravitas          Tloc           48%        N/A       1%          3
 Hailstorm                Conj/Ice       63%        3d12      1%          3
 Mephitic Cloud           Conj/Alch/Air  60%        N/A       1%          3
 Ozocubu's Armour         Ice            51%        N/A       1%          3
 Summon Ice Beast         Ice/Summ       56%        N/A       1%          3
 Teleport Other           Tloc           48%        N/A       1%          3
 Volatile Blastmotes      Fire/Tloc      70%        2d15      1%          3
 Flame Wave               Conj/Fire      53%        2d13      1%          4
 Fulminant Prism          Conj/Alch      33%        3d15      1%          4
 Ignite Poison            Fire/Alch      44%        N/A       1%          4
 Iskenderun's Mystic Bla  Conj/Tloc      61%        2d13      1%          4
 Martyr's Knell           Necr/Summ      57%        N/A       1%          4
 Olgreb's Toxic Radiance  Alch           60%        N/A       1%          4
 Sticky Flame             Fire/Alch      44%        2d8       1%          4
 Eringya's Noxious Bog    Alch           30%        4d6       1%          6
 Animate Dead             Necr           52%        N/A       2%          4
 Dispel Undead            Necr           52%        3d19      2%          4
 Summon Mana Viper        Hex/Summ       57%        N/A       2%          5
 Manifold Assault         Tloc           48%        N/A       3%          4
 Summon Forest            Summ/Tloc      27%        N/A       3%          5
 Summon Blazeheart Golem  Fire/Summ      45%        N/A       4%          4
 Curse of Agony           Necr           52%        N/A       4%          5
 Starburst                Conj/Fire      26%        6d8       4%          6
 Silence                  Hex/Air        24%        N/A       6%          5
 Summon Cactus Giant      Summ           30%        N/A       6%          6
 Sculpt Simulacrum        Ice/Alch       28%        N/A       11%         6
 Death Channel            Necr           26%        N/A       16%         6
 Plasma Beam              Fire/Air       16%        2x1d28    19%         6
 Orb of Destruction       Conj           36%        9d11      1%          7
 Ozocubu's Refrigeration  Ice            25%        4d13      19%         7
 Monstrous Menagerie      Summ           30%        N/A       21%         7
 Summon Hydra             Summ           30%        N/A       21%         7
 Haunt                    Necr/Summ      28%        N/A       34%         7
 Malign Gateway           Summ/Tloc      27%        N/A       43%         7
 Summon Horrible Things   Summ           30%        N/A       77%         8
 Discord                  Hex            26%        N/A       97%         8
 Ignition                 Fire           11%        3d5       100%        8
 Polar Vortex             Ice            25%        12d3*     100%        9
 Cigotuvi's Dreadful Rot  Necr/Alch/Air  Unusable   N/A       N/A         2

Dungeon Overview and Level Annotations

Branches:
Dungeon (15/15)            Temple (0/1) D:4            Lair (5/5) D:8
 Shoals (4/4) Lair:2        Snake (4/4) Lair:2        Slime (0/5) Lair:4
    Orc (2/2) D:10            Elf (1/3) Orc:2        Vaults (5/5) D:13
  Crypt (3/3) Vaults:2       Tomb (1/3) Crypt:3      Depths (4/4) D:15
    Zot (0/5) Depths:4    Ossuary (visited)           IceCv (visited)
 WizLab (visited)

Altars:
Ashenzari
Cheibriados
Dithmenos
Elyvilon
Fedhas
Gozag
Kikubaaqudgha
Makhleb
Nemelex Xobeh
Okawaru
Qazlal
Ru
Sif Muna
Trog
Vehumet
Wu Jian
Xom
The Shining One
Ignis

Shops:
D:2 :   D:5 =   Orc:2 [??:[   Shoals:2 [*   Snake:3 [   Vaults:1 *   Vaults:4 !
Depths:1 *   Depths:2 **

Portals:
Hell: Depths:1 Depths:2 Depths:3 Depths:4
Abyss: Depths:3 Depths:4
Pandemonium: Depths:1 Depths:2 Depths:3
Ziggurat: Depths:4

Annotations:
D:4 Duvessa
D:6 1 transporter
D:9 3 runed translucent doors, AbbaRin's ghost, novice TeCj
Vaults:5 Mennas


Innate Abilities, Weirdness & Mutations

You are immune to sickness and miasma.
Your stone body is resilient. (AC +20)
You are immune to poison.
Your large and strong wings let you fly.
You resist negative energy. (rN+)
You are resistant to electric shocks. (rElec)
You are resistant to unholy torment.
You are immune to petrification.


Message History

The death scarab's corpse disappears in a puff of smoke!
You destroy the royal mummy!
Vehumet accepts your kill.
You feel your power returning.
The royal mummy is almost destroyed. x2
You destroy the death scarab!
The death scarab's corpse disappears in a puff of smoke!
Ka-crash!
You feel extremely nervous for a moment...
Your body is wracked with pain!
* * * LOW HITPOINT WARNING * * *
A mummy priest comes into view.
The royal mummy calls on the powers of darkness!
Your body is wracked with pain!
* * * LOW HITPOINT WARNING * * *
The royal mummy casts a spell.
The royal mummy gestures at you while chanting.
Something smites you!
* * * LOW HITPOINT WARNING * * *
Blink to where?
Press: ? - help, Dir - move target
As you read the scroll of blinking, it crumbles to dust.
Okay, then.
Unknown command.
As you read the scroll of fog, it dissolves into smoke.
The royal mummy calls on the powers of darkness!
Your body is wracked with pain!
* * * LOW HITPOINT WARNING * * *
The royal mummy calls on the powers of darkness!
Your body is wracked with pain!
* * * LOW HITPOINT WARNING * * *
The death scarab completely misses you. The death scarab bites you!!
* * * LOW HITPOINT WARNING * * *
The death scarab drains your vigour!
You feel as though you will be slow longer.
The death scarab closely misses you.
The death scarab attacks as it pursues you!
The death scarab barely misses you. The death scarab bites you!
You die...

#.######....#
..#.#......## ##
.##...#.......# #.# #
#.....#.......##.. #.#
#.....#§.§§....#.#....
......#B§§§§..#.§....##
#.@§§§§§.M.M§......
##.§§§§§§...........
#..§§§§§§...M..M....
#.............§.....§
#..#............B....
#..................###
#................MM#..
.##..............^...^
###.................


You could see a death scarab (summoned).

Vanquished Creatures
  4 dread liches
  An ancient lich (Vaults:3)
  10 royal mummies (Tomb:1)
  Boris (Depths:2)
  An antique champion (WizLab)
  Bai Suzhen (Crypt:3)
  Vv (Crypt:3)
  Saint Roka (Vaults:2)
  A curse toe (Crypt:3)
  A golden dragon (Vaults:5)
  3 bone dragons
  Jory (Vaults:4)
  3 tentacled monstrosities (Vaults:5)
  6 liches
  A shard shrike skeleton (Crypt:1)
  Mlioglotl (Shoals:4)
  2 krakens (Shoals:3)
  2 quicksilver dragons (Vaults:5)
  5 ancient champions
  Gastronok (D:8)
  3 titans (Vaults:5)
  5 sphinxes
  3 tengu reavers (Vaults:5)
  4 shadow dragons
  5 storm dragons
  9 nagarajas
  2 revenants
  Ilsuiw (Shoals:3)
  7 fire giants
  A deep elf sorcerer (Vaults:3)
  3 iron dragons
  9 frost giants
  10 vault wardens
  Louise (Shoals:3)
  A draconian knight (Depths:4)
  3 curse skulls
  2 reapers
  A ghoul (WizLab)
  3 very ugly things
  8 stone giants
  8 ironbound preservers
  2 vampire knights
  3 formless jellyfish
  An ironbound thunderhulk (Vaults:4)
  A deep elf demonologist (Vaults:5)
  A rockslime zombie (Crypt:3)
  A spark wasp (Depths:2)
  A yellow draconian (Depths:4)
  A deep elf annihilator (Vaults:5)
  A lorocyproca (Depths:2)
  Azrael (D:12)
  A red draconian (Depths:4)
  5 dire elephants
  4 deep elf death magi
  3 war gargoyles
  6 merfolk javelineers
  4 crystal guardians
  2 jiangshi (Crypt:3)
  10 merfolk impalers
  3 eidola
  4 fire dragons
  11 ettins
  5 mummy priests
  3 deep elf high priests
  15 yaktaur captains
  6 great orbs of eyes
  5 ice dragons
  Fannar (D:12)
  11 hydras
  10 ironbound frosthearts
  4 peacekeepers
  4 boulder beetles
  3 death knights
  5 ogre magi
  A spriggan air mage (Depths:4)
  2 rakshasas
  3 merfolk avatars
  2 catoblepae
  The ghost of Kazon the Sneak, a journeyman OpSh of Okawaru (Orc:1)
  38 vault guards
  An azure jelly zombie (Crypt:1)
  A dancing weapon (Orc:2)
  8 two-headed ogres
  A sphinx zombie (Crypt:3)
  7 centaur warriors
  5 anacondas
  8 death scarabs (Tomb:1)
  7 merfolk aquamancers
  22 naga warriors
  A tengu warrior (D:15)
  10 death yaks
  5 deep troll earth magi
  A hell hog (Lair:5)
  13 naga sharpshooters
  A satyr (Shoals:2)
  8 spriggan berserkers
  4 deep troll shamans
  3 shock serpents
  9 vampire magi
  6 occultists
  An orc high priest (Vaults:2)
  2 soul eaters
  A shock serpent (shapeshifter) (Depths:2)
  Sonja (D:10)
  4 skysharks
  A sun demon (Depths:1)
  25 skeletal warriors
  15 hell knights
  6 iron trolls
  A skyshark (shapeshifter) (Vaults:5)
  A salamander mystic (Snake:2)
  2 fire crabs (shapeshifter)
  5 sea snakes
  2 storm dragon skeletons
  A shadow wraith (Crypt:2)
  An orb spider (shapeshifter) (Depths:2)
  16 deep trolls
  14 arcanists
  2 flayed ghosts
  4 glowing orange brains
  7 mana vipers
  A mana viper (shapeshifter) (Depths:2)
  2 obsidian statues
  7 harpies
  A swamp dragon (Lair:5)
  8 naga ritualists
  2 deep elf archers (Vaults:3)
  9 phantasmal warriors
  8 necromancers
  5 lindwurms
  An alligator zombie (Crypt:3)
  An orc knight (Vaults:2)
  2 wolf spider zombies (Crypt:1)
  45 ugly things
  2 deep elf pyromancers
  2 large abominations (Depths:2)
  7 ironbound convokers
  An oklob plant (Lair:3)
  13 orc sorcerers
  A shining eye (shapeshifter) (Depths:2)
  10 salamanders
  5 manticores
  2 moths of wrath (Orc:1)
  2 stone giant zombies (WizLab)
  10 cyclopes
  17 elephants
  12 fauns
  5 merfolk sirens
  2 meliai (D:15)
  3 kobold blastminers
  4 centaur zombies
  An eleionoma skeleton (Crypt:3)
  30 black mambas
  7 water nymphs
  An ice statue (IceCv)
  23 naga magi
  A smoke demon (Depths:1)
  10 vault sentinels
  A water nymph (shapeshifter) (Depths:2)
  3 guardian serpents (Snake:3)
  19 cane toads
  A gargoyle (D:12)
  2 torpor snails
  Maggie (Lair:2)
  7 centaur skeletons (Crypt:1)
  A yaktaur zombie (Vaults:1)
  An efreet (D:14)
  7 rime drakes
  2 freezing wraiths
  An unseen horror (D:12)
  2 kobold demonologists (D:11)
  14 komodo dragons
  A green draconian skeleton (Crypt:2)
  12 guardian mummies
  37 yaktaurs
  A minotaur skeleton (Crypt:2)
  An anaconda simulacrum (Lair:4)
  2 tengu conjurers
  A golden dragon simulacrum (WizLab)
  13 polar bears
  30 merfolk
  3 red devils (Orc:2)
  4 trolls
  A queen bee (shapeshifter) (D:14)
  2 raiju (Lair:5)
  A hydra skeleton (Crypt:3)
  3 hornets
  4 wind drakes
  A raiju (shapeshifter) (D:15)
  2 harpy skeletons (Crypt:1)
  A meliai zombie (Crypt:1)
  8 snapping turtles
  4 dream sheep
  A glass eye (shapeshifter) (Depths:1)
  A stone giant simulacrum (WizLab)
  11 blink frogs
  A black mamba zombie (Crypt:2)
  2 snapping turtles (shapeshifter)
  2 ettin zombies (WizLab)
  17 slime creatures
  A satyr skeleton (Crypt:3)
  4 wraiths
  A centaur simulacrum (Crypt:1)
  2 spriggans (Depths:4)
  An air elemental (Shoals:4)
  An ettin skeleton (Crypt:2)
  5 vampires
  13 water elementals
  3 ushabtiu (Tomb:1)
  38 yaks
  9 wyverns
  A fire bat (D:11)
  6 steam dragons
  12 basilisks
  2 humans (Depths:2)
  11 wargs
  4 vampire mosquitoes (D:11)
  Menkaure (D:7)
  19 fire elementals
  55 nagas
  Edmund (D:4)
  A swamp worm (shapeshifter) (D:14)
  16 hell hounds
  6 acid dragons
  15 water moccasins
  A merfolk skeleton (Crypt:2)
  4 nameless horrors
  A glowing shapeshifter skeleton (Crypt:2)
  3 swamp drakes (Lair:5)
  2 ice beasts (D:6)
  14 black bears
  11 orc warriors
  An ettin simulacrum (Crypt:1)
  4 sky beasts
  A black mamba simulacrum (Lair:4)
  10 laughing skulls
  A boggart (D:14)
  8 ogres
  20 centaurs
  17 wolves
  2 elephant skeletons
  2 phantoms
  6 kobold brigands
  6 bullfrogs
  A gnoll sergeant (D:9)
  9 scorpions
  8 wights
  4 lindwurm simulacra (IceCv)
  A swamp dragon simulacrum (WizLab)
  29 killer bees
  7 howler monkeys
  8 electric eels
  6 jellies
  3 komodo dragon simulacra
  10 orc priests
  A water moccasin simulacrum (Lair:4)
  2 bombardier beetles
  A gnoll bouda (D:5)
  5 hounds
  Terence (D:3)
  A cyclops simulacrum (WizLab)
  Jessica (D:3)
  7 iguanas
  2 boggart zombies (Crypt:1)
  32 orc wizards
  6 scorpion zombies (Ossuary)
  3 boggart skeletons (Crypt:1)
  A bullfrog simulacrum (Lair:4)
  A deep dwarf skeleton (Crypt:1)
  12 mummies
  11 gnolls
  A howler monkey skeleton (Crypt:1)
  8 adders
  A shadow imp (D:5)
  3 white imps
  4 ufetubi
  4 steam dragon simulacra (IceCv)
  3 adder zombies (Ossuary)
  A dart slug (D:2)
  2 ribbon worms
  60 orcs
  6 ball pythons
  9 endoplasms
  A giant cockroach (D:4)
  3 gnoll zombies (Ossuary)
  5 hobgoblins
  A ball python skeleton (Crypt:2)
  3 bats (D:2)
  A frilled lizard (D:3)
  8 goblins
  A goblin skeleton (Crypt:1)
  A goblin zombie (D:7)
  2 hobgoblin skeletons
  3 jackal zombies (Ossuary)
  35 kobolds
  2 kobold zombies (Ossuary)
  A quokka zombie (D:7)
  8 rats
  28 boulders
1766 creatures vanquished.

Vanquished Creatures (collateral kills)
  Boris (Depths:1)
  A golden dragon (Depths:4)
  The ghost of Uritza the Slayer, an adept MiFi of Jiyva (Vaults:4)
  A tentacled monstrosity (Depths:4)
  Zenata (Vaults:4)
  A walking earthen tome (Depths:4)
  Jorgrun (D:15)
  6 sphinxes
  5 ancient champions
  Frances (Shoals:1)
  Aizul (Shoals:3)
  A revenant (Crypt:2)
  The ghost of Strat the Severer, a journeyman MiSu of Nemelex Xobeh (Depths:2)
  4 frost giants
  An iron dragon (D:14)
  A balrug (Depths:2)
  2 vault wardens
  A draconian stormcaller (Depths:4)
  3 ironbound preservers
  2 ghouls (WizLab)
  4 stone giants
  2 very ugly things
  A deep elf death mage (Crypt:2)
  A white draconian (Depths:4)
  A war gargoyle (Vaults:1)
  4 vampire knights
  A purple draconian (Depths:4)
  3 yellow draconians (Depths:4)
  8 dire elephants
  7 ettins
  2 fire dragons
  An eidolon (Crypt:1)
  A blizzard demon (Depths:1)
  4 merfolk impalers
  2 merfolk javelineers (Shoals:4)
  4 yaktaur captains
  2 jiangshi (WizLab)
  4 great orbs of eyes
  2 vault guards (Vaults:2)
  A peacekeeper (Vaults:2)
  4 ice dragons (Depths:3)
  2 entropy weavers (Vaults:1)
  2 rakshasas
  An alligator snapping turtle (Shoals:1)
  A boulder beetle (Vaults:3)
  3 merfolk avatars (Shoals:4)
  5 ironbound frosthearts
  A death knight (D:15)
  A satyr (Shoals:2)
  3 merfolk aquamancers (Shoals:4)
  2 two-headed ogres (D:15)
  5 deep troll earth magi
  2 death scarabs (Tomb:1)
  3 deep troll shamans
  A quicksilver ooze zombie (Crypt:3)
  2 hell knights (Depths:4)
  A tengu warrior (Depths:1)
  A vampire mage (Crypt:2)
  An occultist (Depths:1)
  A sun demon (Depths:2)
  A soul eater (Depths:2)
  A storm dragon zombie (WizLab)
  An iron troll (Depths:2)
  A skyshark (Shoals:2)
  A golden dragon zombie (WizLab)
  5 sea snakes
  An arcanist (Vaults:2)
  12 skeletal warriors
  A glowing orange brain (Depths:1)
  13 deep trolls
  4 ironbound convokers
  2 lindwurms (Vaults:1)
  3 harpies (Vaults:1)
  2 phantasmal warriors (Crypt:2)
  2 cyclopes (D:15)
  An orc sorcerer (Vaults:2)
  10 ugly things
  4 manticores
  A stone giant zombie (WizLab)
  A wolf spider (D:15)
  2 fauns
  An iron dragon skeleton (Tomb:1)
  2 centaur zombies (Crypt:1)
  2 merfolk sirens
  A stone giant skeleton (Vaults:1)
  A meliai (D:15)
  7 vault sentinels
  An eye of devastation (shapeshifter) (Vaults:1)
  2 water nymphs
  A smoke demon (Depths:1)
  A centaur skeleton (Crypt:1)
  A rime drake (IceCv)
  A freezing wraith (Crypt:2)
  A black draconian zombie (Crypt:1)
  4 yaktaurs
  An anaconda simulacrum (Lair:4)
  4 guardian mummies
  A queen bee (D:15)
  A nameless horror (Crypt:3)
  A wind drake (Shoals:4)
  8 merfolk
  A dream sheep (Shoals:3)
  3 snapping turtles
  4 slime creatures
  A snapping turtle (shapeshifter) (Vaults:4)
  An air elemental (Shoals:4)
  5 water elementals
  An ushabti (Tomb:1)
  A wraith (Crypt:2)
  A naga (Snake:2)
  A hydra simulacrum (Lair:4)
  A swamp worm (shapeshifter) (Depths:4)
  A glowing shapeshifter skeleton (Vaults:1)
  A deep troll skeleton (WizLab)
  A blink frog zombie (Crypt:2)
  2 laughing skulls
  A cyclops zombie (WizLab)
  A draconian skeleton (Crypt:1)
  4 killer bees (D:15)
  A lindwurm simulacrum (IceCv)
  A mummy (Tomb:1)
  A steam dragon simulacrum (IceCv)
  3 orcs
  A kobold (D:7)
  81 boulders
  A tentacle (Shoals:3)
364 creatures vanquished.

Vanquished Creatures (others)
  A black mamba (Snake:3)
  An orc wizard (Orc:2)
  63 boulders
  135 foxfires
  7 tentacles (Shoals:3)
207 creatures vanquished.

Grand Total: 2337 creatures vanquished

Notes
Turn   | Place    | Note
-------+----------+-------------------------------------------
     0 | D:1      | bobo the Gargoyle Earth Elementalist began the quest for
                  | the Orb.
     0 | D:1      | Reached XP level 1. HP: 10/10 MP: 3/3
   123 | D:1      | Reached XP level 2. HP: 12/16 MP: 0/5
   526 | D:2      | Reached skill level 1 in Fighting
   566 | D:2      | Reached XP level 3. HP: 20/20 MP: 6/6
   576 | D:2      | You fall into a shaft and drop 2 floors!
   581 | D:4      | Learned a level 3 spell: Passwall
   583 | D:4      | Learned a level 1 spell: Summon Small Mammal
   601 | D:4      | Identified the +7 whip of Tenacity {pain, rElec Dex-3 SInv}
   706 | D:4      | Reached XP level 4. HP: 14/26 MP: 1/7
   862 | D:4      | Noticed Duvessa
   908 | D:4      | Reached skill level 2 in Fighting
  1006 | D:4      | Learned a level 3 spell: Stone Arrow
  1222 | D:2      | Found a sacrificial altar of Ru.
  1298 | D:2      | Reached XP level 5. HP: 30/30 MP: 3/9
  1516 | D:2      | Found Gahu's Book Boutique.
  1859 | D:3      | Noticed Jessica
  1876 | D:3      | Killed Jessica
  1964 | D:3      | Noticed Terence
  2110 | D:3      | Found a faded altar of an unknown god.
  2141 | D:3      | Killed Terence
  2160 | D:3      | Prayed at the altar of an unknown god.
  2160 | D:3      | Became a worshipper of Ignis, the Dying Flame
  2560 | D:4      | Reached skill level 3 in Fighting
  2560 | D:4      | Reached skill level 5 in Earth Magic
  2560 | D:4      | Reached XP level 6. HP: 37/37 MP: 10/10
  2654 | D:4      | Noticed a black bear
  2658 | D:4      | Killed a black bear
  2665 | D:4      | Reached XP level 7. HP: 41/41 MP: 6/12
  2674 | D:4      | Learned a level 4 spell: Brom's Barrelling Boulder
  2872 | D:4      | Noticed Edmund
  2903 | D:4      | Found a staircase to the Ecumenical Temple.
  3013 | D:4      | Killed Edmund
  3014 | D:4      | Reached skill level 4 in Fighting
  3185 | D:4      | Found a stormy altar of Qazlal.
  3187 | D:4      | Found a white marble altar of Elyvilon.
  3545 | D:5      | Entered Level 5 of the Dungeon
  3889 | D:5      | Reached XP level 8. HP: 46/48 MP: 12/14
  4050 | D:5      | Reached skill level 5 in Conjurations
  4208 | D:5      | Noticed a yak
  4223 | D:5      | Killed a yak
  4224 | D:5      | Reached skill level 5 in Fighting
  4304 | D:5      | Found a glowing golden altar of the Shining One.
  4466 | D:5      | Reached skill level 5 in Spellcasting
  4688 | D:5      | Found Fuoxadd's Jewellery Shop.
  4688 | D:5      | Noticed a troll
  4722 | D:5      | Killed a troll
  4723 | D:5      | Reached skill level 6 in Fighting
  4723 | D:5      | Reached XP level 9. HP: 37/55 MP: 12/17
  4728 | D:5      | Learned a level 4 spell: Petrify
  5217 | D:6      | Found a snail-covered altar of Cheibriados.
  5511 | D:6      | Found a radiant altar of Vehumet.
  5625 | D:6      | Found a sparkling altar of Nemelex Xobeh.
  5625 | D:6      | Found a transporter.
  5626 | D:6      | Noticed a cyclops
  6261 | D:7      | Identified the +2 leather armour of Apathy {rN+ Dex+3}
  6285 | D:7      | Found a sand-covered staircase.
  6292 | Ossuary  | Entered an ossuary
  6545 | Ossuary  | Reached skill level 7 in Fighting
  7158 | D:7      | Identified the +2 long sword of Vueschim {speed, *Rage rN+
                  | Int+5 Dex-3}
  7193 | D:7      | Found a shadowy altar of Dithmenos.
  7381 | D:7      | Found a bloodstained altar of Trog.
  7386 | D:7      | Found a shimmering blue altar of Sif Muna.
  7705 | D:7      | Reached XP level 10. HP: 63/63 MP: 15/19
  7798 | D:7      | Found a broken altar of Ashenzari.
  7958 | D:7      | Found a blossoming altar of Fedhas.
  8130 | D:7      | Noticed Menkaure
  8135 | D:7      | Killed Menkaure
  8701 | D:8      | Noticed a death yak
  8702 | D:8      | Found a staircase to the Lair.
  8883 | D:8      | Noticed Gastronok
  8900 | D:8      | Killed Gastronok
  8901 | D:8      | Reached skill level 8 in Fighting
  9256 | D:8      | Found an ornate altar of the Wu Jian Council.
  9300 | D:8      | Learned a level 2 spell: Blink
  9519 | D:8      | Noticed a death yak
  9523 | D:8      | Noticed a death yak
  9523 | D:8      | Noticed a death yak
  9524 | D:8      | Noticed a death yak
  9534 | D:8      | Noticed a death yak
  9534 | D:8      | Noticed a death yak
  9552 | D:6      | Fell from the grace of Ignis
  9552 | D:6      | Became a worshipper of Vehumet
  9886 | D:9      | Reached skill level 10 in Earth Magic
 11084 | D:10     | Entered Level 10 of the Dungeon
 11092 | D:10     | Reached * piety under Vehumet
 11092 | D:10     | Offered knowledge of Shock by Vehumet.
 11107 | D:10     | Learned a level 1 spell: Shock
 11234 | D:10     | Reached skill level 1 in Translocations
 11262 | D:10     | You fall into a shaft and drop 1 floor!
 11263 | D:11     | Found a frozen archway.
 11337 | D:11     | Reached XP level 11. HP: 55/69 MP: 7/22
 11348 | IceCv    | Entered an ice cave
 11359 | IceCv    | Reached skill level 9 in Fighting
 11398 | IceCv    | Was forgiven by Ignis
 11840 | IceCv    | Got the Directory of the Deep Freeze
 12576 | D:11     | Identified the +4 chain mail of Inviolability {*Corrode
                  | +Inv Dex+2}
 12617 | D:11     | Found a shimmering altar of Xom.
 12632 | D:11     | Offered knowledge of Mercury Vapours by Vehumet.
 12644 | D:11     | Reached ** piety under Vehumet
 12822 | D:11     | Noticed a brown ugly thing
 13224 | Lair:1   | Entered Level 1 of the Lair of Beasts
 13529 | Lair:1   | Reached skill level 10 in Conjurations
 13566 | Lair:1   | Found the +15 Maxwell's patent armour {-Cast -Tele rElec
                  | Will+ rCorr}
 13590 | Lair:1   | Reached skill level 10 in Fighting
 13596 | Lair:1   | Learned a level 3 spell: Hailstorm
 13796 | Lair:1   | Reached skill level 1 in Ice Magic
 14022 | Lair:1   | Reached XP level 12. HP: 70/78 MP: 18/25
 14891 | Lair:1   | Offered knowledge of Static Discharge by Vehumet.
 15115 | Lair:1   | Learned a level 5 spell: Freezing Cloud
 15118 | Lair:1   | Learned a level 2 spell: Static Discharge
 15138 | Lair:1   | Reached skill level 5 in Translocations
 15456 | Lair:2   | Noticed Maggie
 15505 | Lair:1   | Reached skill level 1 in Air Magic
 15509 | Lair:1   | Reached *** piety under Vehumet
 15936 | Lair:2   | Noticed a death yak
 15940 | Lair:2   | Noticed a death yak
 15940 | Lair:2   | Noticed a death yak
 15947 | Lair:2   | Killed a death yak
 15947 | Lair:2   | Killed a death yak
 15948 | Lair:2   | Reached skill level 11 in Fighting
 15957 | Lair:2   | Killed a death yak
 16053 | Lair:2   | Killed Maggie
 16187 | Lair:2   | Noticed a death yak
 16188 | Lair:2   | Noticed a death yak
 16191 | Lair:2   | Offered knowledge of Ignite Poison by Vehumet.
 16401 | Lair:2   | Found a staircase to the Snake Pit.
 16467 | Lair:2   | Reached XP level 13. HP: 83/84 MP: 8/26
 16577 | D:9      | Reached skill level 10 in Spellcasting
 16755 | D:9      | Found a burning altar of Makhleb.
 16774 | D:9      | Found a runed translucent gate.
 16774 | D:9      | Found a runed translucent gate.
 16775 | D:9      | Found a runed translucent gate.
 16776 | D:9      | Noticed AbbaRin's ghost (novice TeCj)
 17327 | D:10     | Noticed Sonja
 17331 | D:10     | Killed Sonja
 17625 | D:10     | Reached skill level 5 in Ice Magic
 17658 | D:10     | Found an iron altar of Okawaru.
 17883 | D:10     | Found a staircase to the Orcish Mines.
 18069 | D:10     | Reached **** piety under Vehumet
 18083 | D:10     | Identified the +10 quarterstaff "Piodgh" {heavy, +Blink
                  | Int+3}
 18491 | D:11     | Identified the ring "Haxtiche" {rC+ AC+4 Int+2}
 18711 | D:12     | Offered knowledge of Lee's Rapid Deconstruction by Vehumet.
 18719 | D:12     | Learned a level 5 spell: Lee's Rapid Deconstruction
 18749 | D:12     | Noticed Azrael
 18759 | D:12     | Killed Azrael
 18847 | D:12     | Reached skill level 12 in Fighting
 18847 | D:12     | Noticed Fannar
 18855 | D:12     | Killed Fannar
 19140 | D:12     | Got Sif Muna's Codex of Convocation and Interference
 19537 | D:13     | Noticed a vault guard
 19537 | D:13     | Noticed a vault guard
 19537 | D:13     | Noticed a vault guard
 19538 | D:13     | Found a gate to the Vaults.
 19538 | D:13     | Noticed a vault guard
 19538 | D:13     | Noticed a vault guard
 19538 | D:13     | Noticed a vault guard
 19538 | D:13     | Noticed a vault guard
 19539 | D:13     | Noticed a vault guard
 19543 | D:13     | Killed a vault guard
 19545 | D:13     | Killed a vault guard
 19545 | D:13     | Killed a vault guard
 19546 | D:13     | Killed a vault guard
 19546 | D:13     | Killed a vault guard
 19546 | D:13     | Killed a vault guard
 19547 | D:13     | Gained mutation: Your large and strong wings let you fly.
                  | [Gargoyle growth]
 19547 | D:13     | Reached XP level 14. HP: 92/92 MP: 16/28
 19625 | D:13     | Reached skill level 5 in Air Magic
 19855 | D:13     | Reached ***** piety under Vehumet
 19916 | D:13     | Offered knowledge of Yara's Violent Unravelling by Vehumet.
 19923 | D:13     | Learned a level 5 spell: Yara's Violent Unravelling
 20389 | D:14     | Reached skill level 1 in Hexes
 20390 | D:14     | Reached skill level 1 in Alchemy
 20409 | D:14     | Reached skill level 13 in Fighting
 20574 | D:14     | Noticed a fire giant
 20585 | D:14     | Killed a fire giant
 20720 | Orc:1    | Entered Level 1 of the Orcish Mines
 20720 | Orc:1    | Found a transporter.
 20907 | Orc:1    | Found a transporter.
 20907 | Orc:1    | Noticed Kazon's ghost (journeyman OpSh)
 21005 | Orc:2    | Entered Level 2 of the Orcish Mines
 21150 | Orc:2    | Found a staircase to the Elven Halls.
 21265 | Orc:2    | Found Sisaffoe's Antique Armour Emporium.
 21292 | Orc:2    | Bought a runed cloak for 165 gold pieces
 21341 | Elf:1    | Entered Level 1 of the Elven Halls
 21475 | Orc:2    | Found an ancient bone altar of Kikubaaqudgha.
 21483 | Orc:2    | Found Ixoipul's Magic Scroll Shop.
 21543 | Orc:2    | Found Gaaho's Magic Scroll Shop.
 21576 | Orc:2    | Found Lugrues's Book Boutique.
 21599 | Orc:2    | Bought a scroll of teleportation for 42 gold pieces
 21599 | Orc:2    | Bought a scroll of blinking for 105 gold pieces
 21599 | Orc:2    | Bought a scroll of fear for 56 gold pieces
 21599 | Orc:2    | Bought a scroll of teleportation for 42 gold pieces
 21613 | Orc:2    | Found Exay's Antique Armour Boutique.
 21638 | Orc:2    | Found a radiant altar of Vehumet.
 21871 | Orc:2    | Reached XP level 15. HP: 75/100 MP: 22/30
 22041 | Orc:2    | Bought a scroll of enchant armour for 112 gold pieces
 22041 | Orc:2    | Bought a scroll of acquirement for 780 gold pieces
 22049 | Orc:2    | Acquired 804 gold pieces
 22433 | Lair:2   | Found a staircase to the Shoals.
 22890 | Lair:3   | Reached skill level 14 in Fighting
 22944 | Lair:3   | Reached skill level 5 in Hexes
 22952 | Lair:3   | You are sucked into a shaft and drop 1 floor!
 22994 | Lair:4   | Offered knowledge of Iskenderun's Battlesphere by Vehumet.
 23441 | Lair:4   | Found a transporter.
 23525 | Lair:4   | Found a transporter.
 24489 | Lair:4   | Found a staircase to the Slime Pits.
 25007 | Lair:5   | Entered Level 5 of the Lair of Beasts
 25295 | Lair:5   | Offered knowledge of Fireball by Vehumet.
 25318 | Lair:5   | Reached skill level 15 in Fighting
 25425 | Lair:5   | Reached ****** piety under Vehumet
 25515 | Lair:5   | Reached XP level 16. HP: 100/108 MP: 8/33
 25674 | Lair:5   | Identified the +1 dagger "Namimn" {pain, rCorr Str+4
                  | Stlth-}
 25708 | Lair:5   | Identified the +0 robe of Serphatia {rElec rPois Dex+4
                  | Archmagi}
 26208 | Lair:5   | Offered knowledge of Irradiate by Vehumet.
 26752 | Snake:1  | Entered Level 1 of the Snake Pit
 26766 | Snake:1  | Reached skill level 5 in Alchemy
 27251 | Snake:1  | Reached skill level 16 in Fighting
 27638 | Snake:2  | Noticed a nagaraja
 28173 | Snake:2  | Reached XP level 17. HP: 93/116 MP: 22/35
 28215 | Snake:2  | Identified the ring of Meit {Fly rCorr Dex+3 SInv}
 28279 | Snake:2  | Offered knowledge of Conjure Ball Lightning by Vehumet.
 28727 | Orc:1    | Killed Kazon's ghost
 28753 | Orc:1    | Identified the +0 pair of gloves of the Baku {*Corrode
                  | Dex+5}
 28903 | Shoals:1 | Entered Level 1 of the Shoals
 29138 | Snake:3  | Reached skill level 15 in Spellcasting
 29519 | Snake:3  | Found Zoji Qua's Antique Armour Boutique.
 29528 | Snake:3  | Bought a faintly humming robe for 165 gold pieces
 29528 | Snake:3  | Identified the +0 robe "Cusodaho" {Rampage rF+++ rC- Int+3}
                  | (You bought it in a shop on level 3 of the Snake Pit)
 30077 | Snake:4  | Entered Level 4 of the Snake Pit
 30269 | Snake:4  | Offered knowledge of Spellforged Servitor by Vehumet.
 30278 | Snake:4  | Learned a level 7 spell: Spellforged Servitor
 30350 | Snake:4  | Reached skill level 1 in Summonings
 30449 | Snake:4  | Reached skill level 17 in Fighting
 30709 | Snake:4  | Got a serpentine rune of Zot
 31788 | D:14     | Reached XP level 18. HP: 124/124 MP: 28/37
 32317 | Shoals:1 | Identified the ring of Vewey {Wiz rF+ Will++}
 32510 | Shoals:1 | Offered knowledge of Starburst by Vehumet.
 33356 | Shoals:1 | Noticed Frances
 33364 | Shoals:1 | Killed Frances
 33540 | Shoals:2 | Found Cuguc's CLEARANCE SALE!.
 33574 | Shoals:2 | Reached skill level 5 in Summonings
 33750 | Shoals:2 | Found Oxyciecat's Antique Armour Shop.
 34556 | Shoals:3 | Identified the serpent talisman "Zarougai" {rC++ Int+3}
 34556 | Shoals:3 | Noticed Aizul
 34565 | Shoals:3 | Killed Aizul
 34566 | Shoals:3 | Reached skill level 18 in Fighting
 34737 | Shoals:3 | Noticed Ilsuiw
 34750 | Shoals:3 | Killed Ilsuiw
 34773 | Shoals:3 | Noticed Louise
 34789 | Shoals:3 | Killed Louise
 35432 | Shoals:4 | Entered Level 4 of the Shoals
 35492 | Shoals:4 | Reached XP level 19. HP: 115/130 MP: 28/39
 35694 | Shoals:4 | Noticed Mlioglotl
 35707 | Shoals:4 | Killed Mlioglotl
 36114 | Shoals:4 | Offered knowledge of Lehudib's Crystal Spear by Vehumet.
 36114 | Shoals:4 | Offered knowledge of Fire Storm by Vehumet.
 36114 | Shoals:4 | Offered knowledge of Shatter by Vehumet.
 36124 | Shoals:4 | Learned a level 8 spell: Lehudib's Crystal Spear
 36145 | Shoals:4 | Reached skill level 15 in Conjurations
 36198 | Shoals:4 | Paralysed by an air elemental for 1 turns
 36299 | Shoals:4 | Paralysed by an air elemental for 1 turns
 36398 | Shoals:4 | Got a barnacled rune of Zot
 37794 | D:14     | Identified the ring "Aloesoh" {rN+ Str+6 Dex-5 Slay+2}
 37998 | D:15     | Entered Level 15 of the Dungeon
 38219 | D:15     | Found a portal to a secret trove of treasure.
 38395 | D:15     | Noticed Jorgrun
 38404 | D:15     | Killed Jorgrun
 38908 | D:15     | Reached skill level 19 in Fighting
 38981 | D:15     | Found a staircase to the Depths.
 39389 | Depths:1 | Entered Level 1 of the Depths
 39455 | Vaults:1 | Entered Level 1 of the Vaults
 39937 | Vaults:1 | Reached XP level 20. HP: 139/139 MP: 31/41
 40682 | Vaults:1 | Found Tiolom's General Store.
 41553 | Vaults:2 | Noticed Saint Roka
 41571 | Vaults:2 | Killed Saint Roka
 42135 | Vaults:2 | Reached skill level 20 in Fighting
 42225 | Vaults:2 | Reached skill level 15 in Earth Magic
 42266 | Vaults:2 | Reached skill level 10 in Summonings
 42530 | Vaults:2 | Found a staircase to the Crypt.
 43003 | Vaults:3 | Reached XP level 21. HP: 146/146 MP: 40/43
 43095 | Vaults:3 | Found a magical portal.
 43116 | WizLab   | Entered Zonguldrok's Shrine
 43555 | WizLab   | Identified the +12 double sword of Beogh's Favour {pain,
                  | Will++ rCorr Int+8 Dex-5}
 43555 | WizLab   | Noticed an antique champion
 43555 | WizLab   | Noticed an antique champion
 43637 | WizLab   | Killed an antique champion
 43765 | WizLab   | Identified the +9 plate armour of the Ladybird {Rampage
                  | Str+6 Int-5}
 43766 | WizLab   | Identified the +13 shadow dragon scales "Forget-Me-Not"
                  | {Int+2 Stlth++++}
 44313 | Vaults:3 | Noticed an ancient lich
 44317 | Vaults:3 | Killed an ancient lich
 45378 | Vaults:4 | Noticed Jory
 45402 | Vaults:4 | Killed Jory
 45981 | Vaults:4 | Noticed Zenata
 45985 | Vaults:4 | Killed Zenata
 46121 | Vaults:4 | Found a runed translucent door.
 46121 | Vaults:4 | Noticed Uritza's ghost (adept MiFi)
 46140 | Vaults:4 | Killed Uritza's ghost
 46141 | Vaults:4 | Reached XP level 22. HP: 152/152 MP: 33/45
 46167 | Vaults:4 | Learned a level 9 spell: Shatter
 46226 | Vaults:4 | Found Tufowkor's Distillery.
 46233 | Vaults:4 | Bought a potion of heal wounds for 90 gold pieces
 46842 | Depths:1 | Found a gateway to Hell.
 47087 | Depths:1 | Noticed Boris
 47098 | Depths:1 | Killed Boris
 47107 | Depths:1 | Found an ancient bone altar of Kikubaaqudgha.
 47249 | Depths:1 | Found Ocuang's Demolitions Depot.
 47608 | Depths:1 | Found a one-way gate leading to the halls of Pandemonium.
 47977 | Depths:2 | Noticed Boris
 48042 | Depths:2 | Killed Boris
 48619 | Depths:2 | Found a runed translucent gate.
 48619 | Depths:2 | Found a runed translucent gate.
 48619 | Depths:2 | Found a runed translucent gate.
 48621 | Depths:2 | Found an opulent altar of Gozag.
 48621 | Depths:2 | Found Jaysoc's Assorted Antiques.
 48623 | Depths:2 | Found Ossyte's Assorted Antiques.
 48623 | Depths:2 | Noticed Strat's ghost (journeyman MiSu)
 48640 | Depths:2 | Killed Strat's ghost
 49400 | D:15     | You paid a toll of a +6 demon blade to enter a treasure
                  | trove
 49401 | Trove    | Entered a treasure trove
 49475 | Trove    | Reached XP level 23. HP: 156/156 MP: 46/48
 49584 | Depths:3 | Identified the +1 pair of gloves "Biatut" {Harm rCorr Dex-3
                  | SInv}
 49616 | Depths:2 | Reached XP level 24. HP: 36/163 MP: 33/48
 49734 | Depths:3 | Reached skill level 1 in Evocations
 49765 | Depths:3 | Learned a level 5 spell: Borgnjor's Vile Clutch
 50039 | Depths:3 | Found a broken altar of Ashenzari.
 50164 | Depths:3 | Reached skill level 1 in Necromancy
 50400 | Depths:3 | Identified the ring of Ongeh {rF+ rC+}
 50536 | Depths:3 | Found a one-way gate to the infinite horrors of the Abyss.
 50643 | Depths:4 | Entered Level 4 of the Depths
 51023 | Depths:4 | Found a gate to the Realm of Zot.
 51432 | Depths:4 | Found a one-way gateway to a ziggurat.
 52426 | Vaults:5 | Entered Level 5 of the Vaults
 52429 | Vaults:5 | Reached skill level 5 in Dodging
 52450 | Vaults:5 | Reached skill level 5 in Necromancy
 52458 | Vaults:5 | Reached XP level 25. HP: 128/169 MP: 17/48
 52555 | Vaults:5 | Noticed a dread lich
 52557 | Vaults:5 | Killed a dread lich
 52577 | Vaults:5 | Noticed Mennas
 52669 | Crypt:1  | Entered Level 1 of the Crypt
 52724 | Crypt:1  | Reached skill level 21 in Fighting
 52993 | Crypt:1  | Reached skill level 10 in Alchemy
 53527 | Crypt:1  | Found the +9 sword of Zonguldrok {reap}
 53621 | Crypt:1  | You are sucked into a shaft and drop 1 floor!
 54183 | Crypt:1  | Identified the +6 arbalest "Jiguam" {flame, rC+ Dex+4}
 55286 | Crypt:3  | Entered Level 3 of the Crypt
 55290 | Crypt:3  | Noticed a dread lich
 55292 | Crypt:3  | Killed a dread lich
 55294 | Crypt:3  | Noticed Vv
 55296 | Crypt:3  | Killed Vv
 55438 | Crypt:3  | Got the Precepts of Power
 55438 | Crypt:3  | Noticed a dread lich
 55438 | Crypt:3  | Noticed a dread lich
 55442 | Crypt:3  | Killed a dread lich
 55443 | Crypt:3  | Reached XP level 26. HP: 179/179 MP: 24/48
 55443 | Crypt:3  | Killed a dread lich
 55446 | Crypt:3  | Identified the ring "Vuruh" {Will+ Str+6 Dex+2}
 55453 | Crypt:3  | Identified the ring of Xom's Sleight of Hands {rPois rN+}
 55453 | Crypt:3  | Identified the ring "Cyhuozog" {rPois rN+ Str-2 Int+2}
 55453 | Crypt:3  | Identified the ring of the Dancing Priest {rN+ Dex+3}
 55462 | Crypt:3  | Identified the staff of Wu Jian's Pride {rPois rF+++ rC-
                  | Alchemy}
 56337 | Crypt:3  | Noticed Bai Suzhen
 56345 | Crypt:3  | Killed Bai Suzhen
 56389 | Crypt:3  | Found a staircase to the Tomb.
 56439 | Tomb:1   | Entered Level 1 of the Tomb of the Ancients
 56587 | Tomb:1   | Noticed a royal mummy
 56587 | Tomb:1   | Noticed a royal mummy
 56894 | Tomb:1   | Reached skill level 22 in Fighting
 56903 | Tomb:1   | Noticed a royal mummy
 56911 | Tomb:1   | Killed a royal mummy
 56913 | Tomb:1   | Noticed a royal mummy
 56915 | Tomb:1   | Noticed a royal mummy
 56917 | Tomb:1   | Noticed a royal mummy
 56919 | Tomb:1   | Noticed a royal mummy
 56919 | Tomb:1   | Noticed a royal mummy
 56920 | Tomb:1   | Noticed a royal mummy
 57030 | Tomb:1   | Noticed a royal mummy
 57033 | Tomb:1   | Killed a royal mummy
 57108 | Tomb:1   | Killed a royal mummy
 57188 | Tomb:1   | Noticed a royal mummy
 57231 | Tomb:1   | Noticed a royal mummy
 57237 | Tomb:1   | Killed a royal mummy
 57237 | Tomb:1   | Noticed a royal mummy
 57248 | Tomb:1   | Killed a royal mummy
 57251 | Tomb:1   | Killed a royal mummy
 57253 | Tomb:1   | Noticed a royal mummy
 57257 | Tomb:1   | Killed a royal mummy
 57377 | Tomb:1   | Noticed a royal mummy
 57383 | Tomb:1   | Killed a royal mummy
 57407 | Tomb:1   | Noticed a royal mummy
 57414 | Tomb:1   | Killed a royal mummy
 57415 | Tomb:1   | Killed a royal mummy
 57418 | Tomb:1   | HP: 3/180 [death scarab[a royal mummy] (19)]
 57420 | Tomb:1   | Mangled by a death scarab

Illustrated notes

Levels and vault maps discovered:
D:1:      lightli_arrival_lavapool, layout_rooms
D:2:      layout_basic, serial_shops, nicolae_shop_peninsula, basic_altar
D:3:      layout_basic, basic_ecumenical_altar, uniq_crazy_yiuf_cottage,
          uniq_terence, uniq_jessica
D:4:      layout_gridville, chequers_temple_overflow_statue_of_worship,
          temple_doors_ab, uniq_duvessa, uniq_edmund
D:5:      layout_loops_cross, tso_altar, minmay_shop_enchanted_jewellery,
          minmay_divided_ellipse
D:6:      layout_loops_ring, lemuel_doored_altar, vehumet_altar_wand_db,
          grunt_nemelex_the_gamble
D:7:      layout_loops_ring, hellmonk_overflow_destroyed_library,
          mainiacjoe_overflow_cross_hatched,
          mainiacjoe_overflow_small_starburst,
          grunt_dithmenos_smoke_and_mirrors, enter_bailey_3,
          serial_co_window_serial, co_window_of_opportunity_a,
          co_window_paths_a, co_window_of_opportunity_a, co_window_corner_a,
          co_window_paths_a, co_window_paths_a, co_window_corner_ca,
          co_window_of_opportunity_b, co_window_paths_c,
          co_window_of_opportunity_c, co_window_unsneaky_path_b,
          glass_columns_a, enter_ossuary_4, uniq_menkaure
D:8:      layout_loops_corners, pdpol_wu_jian_five_deadly_venoms,
          dpeg_lair_monsters, hangedman_glass_teeth, chequers_mini_garden,
          minmay_misc_feat_hallway, uniq_gastronok
D:9:      layout_basic, amcnicky_altar_gilded, gammafunk_ghost_necromancy,
          skrybe_limestone_x, kennysheep_decorative_pillar
D:10:     layout_roguey, okawaru_gym_becter, erik_orc_3,
          minmay_misc_feat_nine_boxes, serial_bayou_lagoon_a, uniq_sonja
D:11:     layout_rooms, portal_ice_cave_entry_pillars_1, regret_index_xom_of_box
D:12:     layout_gridville, minmay_unpleasant_kobolds, uniq_fannar, uniq_azrael
D:13:     layout_irregular_city, erik_vaults_2
D:14:     minmay_octo_star, layout_basic, infiniplex_staircase_diamond,
          serial_park_tiny_1, nicolae_straight_to_the_point
D:15:     gammafunk_enter_depths_forms, layout_loops_corners, special_room
          [special_room_bee], nicolae_trove_entry_crossroad, uniq_jorgrun
Lair:1:   regret_index_malice_mire, layout_misc_corridors
Lair:2:   layout_gridlike, elwin_shoals_entry_rooms,
          minmay_snake_entry_guardpost_small, grunt_megastairs_3, uniq_maggie
Lair:3:   layout_roguey
Lair:4:   gammafunk_cloud_chamber, layout_hall_layers,
          nicolae_slime_entry_slimehenge, serial_bayou, serial_bayou_pond_a,
          serial_bayou_lake_a, serial_bayou_pond_a, serial_bayou_ford_a
Lair:5:   guppyfry_lair_end_dragon, layout_gridlike,
          hangedman_lair_caniforms_friends
Shoals:1: layout_shoals, uniq_frances
Shoals:2: layout_shoals, serial_shops, shop, nicolae_shop_clearance
Shoals:3: layout_shoals, uniq_ilsuiw, uniq_louise, uniq_aizul
Shoals:4: shoals_end_hellmonk_storm_palace [storm_palace_center_circular,
          storm_palace_corner_reverse_hut, storm_palace_corner_grid,
          storm_palace_corner_blocked, storm_palace_corner_narrow],
          uniq_mlioglotl
Snake:1:  layout_misc_corridors, drop_trap, nicolae_integral_box
Snake:2:  layout_rooms, lemuel_fruit_tree
Snake:3:  layout_cave_town, serial_shops, nicolae_shop_stone
Snake:4:  minmay_snake_end_coiled, layout_cave_town, serial_bayou_shore_b
Orc:1:    layout_diamond_mine, gammafunk_ghost_berserking_beasts
Orc:2:    kennysheep_orc_mage_school, layout_diamond_mine, serial_shops,
          shop_fountains, einodemon_armed_red_devil_minivault
Elf:1:    elf_arrival_002, layout_loops_corners, serial_glass, glass_columns_a,
          glass_columns_a, glass_columns_a, glass_columns_a, serial_shops,
          nicolae_shop_real_fake_doors, evilmike_minifort, uniq_kirke,
          uniq_norris
Vaults:1: nicolae_vaults_hallways_thing, vaults_room_ringed_pool,
          hangedman_vaults_locks, nicolae_vaults_sesquioval_fish,
          nicolae_vaults_spaceships, v_misc_31, nicolae_vaults_tetromino_Z_1,
          vaults_room_pool, nicolae_vaults_wine_cellar,
          nicolae_vaults_mini_display_case, layout_vaults_omnigrid,
          serial_shops, shop
Vaults:2: v_misc_4, nicolae_vaults_what_the_h, nicolae_vaults_statue_guard,
          vaults_room_door_hall, nicolae_vaults_trapezoid_4,
          grunt_vaults_twisty, vaults_room_door_hall, v_alt_pattern_3,
          nicolae_vaults_diagonal_hallway_6, minmay_crypt_entry_simple_corners,
          nicolae_vaults_sesquioval_fish, nicolae_vaults_little_squares_4,
          vaults_room_pools, nicolae_vaults_tetromino_T_2,
          layout_vaults_big_room, uniq_saint_roka
Vaults:3: lightli_enter_wizlab_magi_temple, v_misc_14, nicolae_vaults_arrows,
          v_misc_1, nicolae_vaults_tetromino_T_1, v_alt_pattern_5,
          nicolae_vaults_trapezoid_3, nicolae_vaults_octothorpe,
          grunt_vaults_funnel, grunt_vaults_swirl,
          nicolae_vaults_little_squares_2, layout_vaults_omnicross
Vaults:4: gammafunk_ghost_grave, v_misc_1, vaults_mumra_hexcomb, v_rooms_5,
          nicolae_vaults_off_center_swirl, vaults_room_stairs_pillars,
          v_misc_24, vaults_room_corners, hangedman_vaults_stretched_pinwheel,
          v_pattern_3, v_misc_1, vaults_dpeg_doors, nicolae_vaults_asterisk,
          layout_vaults_maze_bifur, serial_shops, shop, uniq_jory, uniq_zenata
Vaults:5: serial_shops, uniq_margery, uniq_mennas
Crypt:1:  layout_gridlike, minmay_guarded_unrand_zonguldrok,
          grunt_crypt_arrival_webbed
Crypt:2:  layout_catacombs
Crypt:3:  david_glass_crypt, layout_misc_corridors, tomb_entry_shell_bobbens,
          uniq_bai_suzhen, uniq_vv
Tomb:1
Depths:1: layout_gridlike, rand_demon_pan_entry_1, nrook_mini_vaults,
          hell_entry, roderic_malta_cross, nicolae_blasting_shop,
          kennysheep_vampire_church, uniq_boris
Depths:2: dreamdust_experimentation, layout_gridlike, grunt_decor_cap,
          grunt_metal_band, grunt_pan_entry_zigzag, ebering_ghost_gozag
Depths:3: hangedman_cross_stitches, layout_small_grid, pan_entry,
          nicolae_ashenzari_panopticon, abyss_entry_glasseish, hell_entry,
          infiniplex_staircase_star
Depths:4: grunt_x_marks_the_spot, layout_long_grid, enter_ziggurat_a,
          grunt_hell_entry_dis_old, abyss_entry

Skill      XL: |  1  2  3  4  5  6  7  8  9 10 11 12 13 14 15 16 17 18 19 20 21 22 23 24 25 26 |
---------------+-------------------------------------------------------------------------------+-----
Fighting       | 1 2 3 4 6 7 8 10 11 12 13 15 16 17 18 19 20 21 22 | 22.4
Earth Magic    | 4 5 6 7 9 10 11 12 13 15 18 20 21 | 21.1
Conjurations   | 2 3 4 6 7 9 10 11 12 13 14 15 | 15.4
Spellcasting   | 3 4 5 6 7 9 10 11 13 14 15 16 17 18 19 21 | 21.7
Translocations | 1 4 6 |  6.0
Ice Magic      | 1 4 6 7 |  7.0
Air Magic      | 2 4 5 |  5.1
Hexes          | 4 5 6 7 |  7.7
Alchemy        | 3 4 6 7 9 10 | 10.2
Summonings     | 3 6 8 10 | 10.5
Dodging        | 5 8 9 |  9.9
Evocations     | 4 |  4.7
Necromancy     | 5 7 |  7.4
Stealth        | |  2.1

Action                     |  1- 3 |  4- 6 |  7- 9 | 10-12 | 13-15 | 16-18 | 19-21 | 22-24 | 25-27 || total
---------------------------+-------+-------+-------+-------+-------+-------+-------+-------+-------++-------
  Melee: Unarmed           |    12 |       |       |       |       |       |       |       |       ||    12
         Whip              |     4 |    21 |    44 |    84 |     8 |     9 |       |       |       ||   170
         Punch             |       |     1 |       |       |       |       |       |       |       ||     1
         Staff             |       |       |       |       |       |     6 |    13 |    18 |     1 ||    38
   Fire: Sling             |     1 |       |       |       |       |       |       |       |       ||     1
   Cast: Sandblast         |    26 |    42 |    87 |    29 |       |       |     1 |       |       ||   185
         Passwall          |       |     5 |    10 |    20 |     2 |     1 |       |       |       ||    38
         Stone Arrow       |       |     5 |    95 |   274 |   450 |   616 |   491 |   169 |   131 ||  2231
         Brom's Barrelling |       |       |    12 |    76 |    71 |    57 |    18 |     6 |       ||   240
         Blink             |       |       |       |     9 |     2 |    21 |    10 |     7 |     6 ||    55
         Freezing Cloud    |       |       |       |    11 |   110 |   169 |    72 |    24 |     4 ||   390
         Hailstorm         |       |       |       |    10 |       |       |       |       |       ||    10
         Lee's Rapid Decon |       |       |       |       |    26 |    39 |    84 |    24 |    82 ||   255
         Shock             |       |       |       |       |     4 |       |       |       |       ||     4
         Yara's Violent Un |       |       |       |       |     2 |    26 |    21 |    11 |    10 ||    70
         Static Discharge  |       |       |       |       |       |     7 |       |       |       ||     7
         Spellforged Servi |       |       |       |       |       |    37 |   111 |    55 |    46 ||   249
         Lehudib's Crystal |       |       |       |       |       |       |    75 |    59 |    60 ||   194
         Petrify           |       |       |       |       |       |       |     5 |    12 |    11 ||    28
         Shatter           |       |       |       |       |       |       |       |    60 |    63 ||   123
         Borgnjor's Vile C |       |       |       |       |       |       |       |    30 |    20 ||    50
 Invoke: Foxfire Swarm     |       |     2 |     2 |     3 |       |       |       |       |       ||     7
         Fiery Armour      |       |       |     2 |     1 |       |       |       |       |       ||     3
         Rising Flame      |       |       |       |     1 |       |       |       |       |       ||     1
  Evoke: Wand              |       |       |       |     1 |       |     1 |       |       |       ||     2
    Use: Scroll            |       |     4 |     1 |    16 |     9 |    11 |     6 |     3 |     4 ||    54
         Potion            |       |       |       |    10 |       |     2 |     2 |     6 |     4 ||    24
   Stab: Sleeping          |       |       |       |     1 |       |       |       |       |       ||     1
         Distracted        |       |       |       |       |       |       |     1 |       |       ||     1
 Armour: Robe              |    16 |    28 |    74 |       |       |       |       |       |       ||   118
         Steam dragon scal |       |       |    41 |   261 |    18 |       |       |       |       ||   320
         Troll leather arm |       |       |       |       |   100 |   382 |   355 |   160 |   107 ||  1104
  Dodge: Dodged            |    19 |    29 |    96 |   300 |    84 |   225 |   111 |    70 |    93 ||  1027
